AoeStats
← Chill Trip

MegaRandom

510341665Analyzed
3v3 RM · 2d ago on Sep 30, 2026· 46m 54s· 6 players
Game mode
Random Map
Map size
Normal (6 player)
Population
200
Speed
Normal
Resources
Standard
Victory
Conquest
Starting age
Dark Age
Ending age
Imperial Age
RankedLock teamsTeams togetherTeam positionsShared explorationLock speedFull tech treeHidden civsTurbo modeCheats
Victory
Defeat
🇷🇺 Danes · Russia
1155
+14
🇨🇿 Britons · Czechia
1147
+15
🇸🇪 Khmer · Sweden
1096
+17
🇳🇨 Franks · New Caledonia
1162
-17
🇵🇱 Ethiopians · Poland
1104
-15
🇳🇨 Shu · New Caledonia
1077
-14
Boy oh boy
0:31 Loom
9:02 Feudal Age
10:02 Double-Bit Axe
15:03 Castle Age
13:13 Stone Mining
16:17 Bow Saw
20:48 Wheelbarrow
20:54 Gold Mining
21:42 Forging
21:35 Squires
24:10 Iron Casting
25:44 Scale Mail Armor
25:58 Arson
26:58 Hand Cart
26:28 Town Watch
27:35 Chain Mail Armor
32:40 Imperial Age
32:46 Elite Throwing Axeman
33:47 Conscription
34:01 Plate Mail Armor
34:31 Blast Furnace
34:08 Gold Shaft Mining
37:18 Chemistry
37:29 Cavalier
38:09 Husbandry
39:16 Paladin
zozolini
11:05 Feudal Age
14:40 Castle Age
13:26 Double-Bit Axe
13:22 Horse Collar
15:50 Wheelbarrow
17:54 Bow Saw
23:13 Heavy Plow
23:43 Squires
23:04 Man-at-Arms
24:25 Forging
24:17 Scale Mail Armor
24:52 Arson
32:50 Imperial Age
30:37 Hand Cart
32:05 Ballistics
31:59 Masonry
33:54 Husbandry
33:15 Light Cavalry
34:13 Torsion Engines
33:38 Onager
38:45 Two-Man Saw
37:15 Siege Onager
39:01 Siege Engineers
40:00 Scale Barding Armor
41:13 Capped Ram
42:50 Hussar
46:04 Iron Casting
Chill Trip
0:38 Loom
10:09 Feudal Age
11:00 Double-Bit Axe
11:01 Horse Collar
22:07 Fletching
22:18 Padded Archer Armor
22:39 Gold Mining
26:21 Castle Age
26:55 Crossbowman
31:10 Bow Saw
31:23 Heavy Plow
32:46 Pikeman
36:27 Bodkin Arrow
36:47 Leather Archer Armor
39:55 Ballistics
40:15 Thumb Ring
43:35 Imperial Age
42:07 Gold Shaft Mining
Zelda
0:46 Loom
9:46 Feudal Age
15:29 Wheelbarrow
15:03 Fletching
18:01 Castle Age
17:31 Padded Archer Armor
18:26 Double-Bit Axe
19:10 Crossbowman
22:15 Bodkin Arrow
24:50 Hand Cart
27:31 Ballistics
31:17 Bow Saw
32:14 Leather Archer Armor
33:25 Yeomen
37:48 Imperial Age
35:43 Horse Collar
37:52 Arbalester
39:02 Conscription
38:53 Bracer
39:24 Ring Archer Armor
40:00 Chemistry
40:54 Warwolf
QuitTouchingMe
10:00 Feudal Age
13:12 Castle Age
12:08 Gold Mining
12:05 Double-Bit Axe
13:18 Loom
16:14 Bow Saw
15:58 Stone Mining
17:42 Horse Collar
21:20 Town Watch
24:40 Wheelbarrow
25:52 Medium Warships
29:03 Imperial Age
26:50 Hand Cart
27:02 Heavy Plow
27:42 Gold Shaft Mining
27:02 Fletching
28:00 Padded Archer Armor
28:18 Bodkin Arrow
29:52 Ballistics
31:15 Town Patrol
30:50 Elite Ballista Elephant
31:35 Double Crossbow
31:39 Bracer
31:56 Leather Archer Armor
32:46 Chemistry
31:53 Siege Engineers
31:59 Masonry
32:19 Heavy Warships
32:51 Conscription
38:53 Coinage
38:50 Elite Cannon Galleon
47:08 Scale Mail Armor
47:19 Forging
Nwelt
0:33 Loom
11:19 Feudal Age
12:05 Horse Collar
12:13 Double-Bit Axe
17:01 Castle Age
16:15 Scale Mail Armor
18:23 Chain Mail Armor
27:54 Forging
31:27 Town Watch
35:40 Bow Saw
36:07 Heavy Plow
41:36 Imperial Age
39:28 Squires
39:13 Arson
Connection lost

Rejoining the realm…

Still unreachable

The connection could not be restored.

Session expired

The server has moved on; the page needs a fresh start.